[Event "UKR-ch Semifinal 2019"]
[Site "Omelnyk"]
[Date "2019.10.14"]
[Round "9.2"]
[White "Bogdanovich, Stanislav"]
[Black "Bernadskiy, Vitaliy"]
[Result "0-1"]
[ECO "D85"]
[WhiteElo "2616"]
[BlackElo "2554"]
[Annotator "RC"]
[PlyCount "84"]
[EventDate "2019.10.06"]
[EventType "swiss"]
[EventCountry "UKR"]
[SourceTitle "playchess.com"]
[Source "ChessBase"]
[SourceQuality "1"]
[TimeControl "40/5400+30:1800+30"]

1. d4 Nf6 2. c4 g6 3. Nc3 d5 4. cxd5 Nxd5 5. e4 Nxc3 6. bxc3 Bg7 7. Be3 c5 8. Rc1 Qa5 9. Qd2 O-O 10. Nf3 Nd7 11. Bc4 e6 12. O-O b5 13. Be2 Bb7 14. e5 Bd5 15. a3 Rfc8 16. Qd3 Bc4 17. Qd1 cxd4 18. Bxc4 bxc4 19. cxd4 Qxa3 20. d5 Qd3 21. dxe6 Qxd1 22. exf7+ Kxf7 23. e6+ Kxe6 24. Rcxd1 Ne5 25. Ng5+ Ke7 26. Rfe1 h6 27. Ne4 Rd8 28. Rb1 Nd3 29. Rb7+ Rd7 30. Reb1 Bb2 31. Rxd7+ Kxd7 32. Nc5+ Nxc5 33. Rxb2 Kc6 34. Rb4 Kd5 35. Rb5 Rc8 36. Kf1 c3 37. Rb4 Ne6 38. Ke2 c2 39. Bc1 a5 40. Rb5+ Kc4 41. Rb6 Nd4+ 42. Kd2 Re8 0-1

[Event "UKR-ch Semifinal 2019"]
[Site "Omelnyk"]
[Date "2019.10.14"]
[Round "9.3"]
[White "Kovchan, Alexander"]
[Black "Shalimov, Valery"]
[Result "1/2-1/2"]
[ECO "C78"]
[WhiteElo "2570"]
[BlackElo "2391"]
[Annotator "RC"]
[PlyCount "20"]
[EventDate "2019.10.06"]
[EventType "swiss"]
[EventCountry "UKR"]
[SourceTitle "playchess.com"]
[Source "ChessBase"]
[SourceQuality "1"]
[TimeControl "40/5400+30:1800+30"]

1. e4 e5 2. Nf3 Nc6 3. Bb5 a6 4. Ba4 Nf6 5. O-O b5 6. Bb3 Bc5 7. d3 d6 8. h3 O-O 9. Be3 Bxe3 10. fxe3 Be6 1/2-1/2

[Event "UKR-ch Semifinal 2019"]
[Site "Omelnyk"]
[Date "2019.10.14"]
[Round "9.4"]
[White "Malovanyi, Yulian"]
[Black "Mirzoev, Emil"]
[Result "0-1"]
[ECO "B23"]
[WhiteElo "2351"]
[BlackElo "2455"]
[Annotator "RC"]
[PlyCount "102"]
[EventDate "2019.10.06"]
[EventType "swiss"]
[EventCountry "UKR"]
[SourceTitle "playchess.com"]
[Source "ChessBase"]
[SourceQuality "1"]
[TimeControl "40/5400+30:1800+30"]

1. e4 c5 2. Nc3 Nc6 3. Nge2 Nf6 4. g3 d5 5. exd5 Nxd5 6. Bg2 Nf6 7. O-O e6 8. d3 Be7 9. h3 O-O 10. Be3 Qc7 11. a4 Rd8 12. Nb5 Qd7 13. Na3 Nd5 14. Bd2 Rb8 15. Nc4 b6 16. Nf4 Nf6 17. Re1 Bb7 18. Bc3 Rbc8 19. Nh5 Nd4 20. Bxd4 cxd4 21. Nxf6+ Bxf6 22. Qe2 Bd5 23. b3 Qc6 24. Be4 Rc7 25. b4 h6 26. b5 Qc5 27. a5 Bxc4 28. dxc4 d3 29. cxd3 Bxa1 30. Rxa1 Rcd7 31. axb6 axb6 32. g4 g6 33. Kh1 Kg7 34. Rd1 Rd4 35. Rg1 R4d7 36. Rg3 Ra7 37. h4 Qe5 38. g5 hxg5 39. Rxg5 Qf4 40. Qb2+ Qf6 41. Qxf6+ Kxf6 42. Kg2 Ra5 43. Rg3 Ke5 44. f4+ Kd4 45. h5 Ra2+ 46. Kf3 f5 47. Bc6 gxh5 48. Rg6 Kc3 49. Rxe6 Rxd3+ 50. Re3 Rxe3+ 51. Kxe3 Kxc4 {[%emt 0:00:04] Kd4+} 0-1

[Event "UKR-ch Semifinal 2019"]
[Site "Omelnyk"]
[Date "2019.10.14"]
[Round "9.5"]
[White "Polivanov, Anatoliy"]
[Black "Peng, Li Min"]
[Result "1/2-1/2"]
[ECO "B40"]
[WhiteElo "2411"]
[BlackElo "2454"]
[Annotator "RC"]
[PlyCount "83"]
[EventDate "2019.10.06"]
[EventType "swiss"]
[EventCountry "UKR"]
[SourceTitle "playchess.com"]
[Source "ChessBase"]
[SourceQuality "1"]
[TimeControl "40/5400+30:1800+30"]

1. e4 c5 2. Nf3 e6 3. c3 Nf6 4. e5 Nd5 5. Bc4 d6 6. d4 cxd4 7. cxd4 Nc6 8. Qe2 dxe5 9. dxe5 Bb4+ 10. Nbd2 Nf4 11. Qe4 Ng6 12. O-O Qc7 13. Bb5 Be7 14. Nc4 O-O 15. Bxc6 Qxc6 16. Qxc6 bxc6 17. Be3 Ba6 18. Rfc1 c5 19. Ncd2 Rfc8 20. Rc3 Rc7 21. Rac1 Rac8 22. Nc4 Rd8 23. h3 Rd5 24. b3 f6 25. exf6 gxf6 26. Nb2 f5 27. Na4 c4 28. bxc4 Ra5 29. Nb2 Bf6 30. Rb3 Rxa2 31. Nd3 Rxc4 32. Rb8+ Kg7 33. Rcb1 Be7 34. Nfe5 Rca4 35. Nxg6 hxg6 36. Nc5 Bxc5 37. Bxc5 e5 38. Ra8 Ra1 39. Rxa7+ Kf6 40. Rxa1 Rxa1+ 41. Kh2 Ra2 42. Ra8 1/2-1/2

[Event "UKR-ch Semifinal 2019"]
[Site "Omelnyk"]
[Date "2019.10.14"]
[Round "9.6"]
[White "Solovchuk, Oleksiy"]
[Black "Bakhmatsky, Vladislav"]
[Result "0-1"]
[ECO "D97"]
[WhiteElo "2261"]
[BlackElo "2445"]
[Annotator "RC"]
[PlyCount "124"]
[EventDate "2019.10.06"]
[EventType "swiss"]
[EventCountry "UKR"]
[SourceTitle "playchess.com"]
[Source "ChessBase"]
[SourceQuality "1"]
[TimeControl "40/5400+30:1800+30"]

1. d4 Nf6 2. c4 g6 3. Nc3 d5 4. Nf3 Bg7 5. Qb3 dxc4 6. Qxc4 O-O 7. e4 Be6 8. d5 Bc8 9. Bf4 c6 10. dxc6 Nxc6 11. Rd1 Qa5 12. Qb5 Be6 13. Qxa5 Nxa5 14. Be2 Rac8 15. Be3 a6 16. Nd4 Nc4 17. Bc1 Bd7 18. f3 Rfd8 19. Kf2 b5 20. Rhe1 b4 21. Nd5 Nxd5 22. exd5 a5 23. b3 Nb6 24. Nc6 Bxc6 25. dxc6 Rd5 26. Ba6 Rxc6 27. Bb7 Rc2+ 28. Kf1 Rxd1 29. Rxd1 Bd4 30. Be4 Rc8 31. Bh6 Bc5 32. Bf4 Bd6 33. Bxd6 Rd8 34. Rc1 Rxd6 35. Rc5 e6 36. Rxa5 Rd2 37. f4 Nd5 38. Ke1 Rb2 39. Bxd5 exd5 40. Rxd5 Rxa2 41. Rd2 Ra1+ 42. Ke2 Rb1 43. Rd3 Rb2+ 44. Kf3 h5 45. h4 Kg7 46. g3 Kf6 47. Ke4 Re2+ 48. Kd5 Kf5 49. Kc5 Re4 50. Rd5+ Kg4 51. Rg5+ Kh3 52. Kb5 Re3 53. Kxb4 Rxg3 54. Rxg3+ Kxg3 55. Kc5 Kxh4 56. b4 Kg4 57. b5 h4 58. b6 h3 59. b7 h2 60. b8=Q h1=Q 61. Qc8+ Kg3 62. Kd6 Qe4 0-1

[Event "UKR-ch Semifinal 2019"]
[Site "Omelnyk"]
[Date "2019.10.14"]
[Round "9.7"]
[White "Frolov, Artur"]
[Black "Belous, Mikhail"]
[Result "1/2-1/2"]
[ECO "B94"]
[WhiteElo "2423"]
[BlackElo "2319"]
[Annotator "NA RC"]
[PlyCount "68"]
[EventDate "2019.10.06"]
[EventType "swiss"]
[EventCountry "UKR"]
[SourceTitle "playchess.com"]
[Source "ChessBase"]
[SourceQuality "1"]
[TimeControl "40/5400+30:1800+30"]

1. e4 c5 2. Nf3 d6 3. d4 cxd4 4. Nxd4 Nf6 5. Nc3 a6 6. Bg5 Nbd7 7. Qe2 h6 8. Bh4 g6 9. O-O-O e5 10. Nb3 Be7 11. a4 Kf8 12. f3 Kg7 13. g4 b5 14. a5 Qc7 15. Kb1 Bb7 16. Bxf6+ Nxf6 17. Nd5 Bxd5 18. exd5 Nd7 19. h4 Nc5 20. Nxc5 dxc5 21. Qd2 Bd6 22. Qc3 c4 23. f4 Rac8 24. f5 b4 25. Qf3 Qxa5 26. g5 Rhf8 27. h5 c3 28. fxg6 fxg6 29. Qd3 cxb2 30. Qxg6+ Kh8 31. Qxh6+ Kg8 32. Qg6+ Kh8 33. Qh6+ Kg8 34. Qg6+ Kh8 1/2-1/2

[Event "UKR-ch Semifinal 2019"]
[Site "Omelnyk"]
[Date "2019.10.14"]
[Round "9.8"]
[White "Vetoshko, Volodymyr"]
[Black "Bondar, Dmytro"]
[Result "1/2-1/2"]
[ECO "B31"]
[WhiteElo "2506"]
[BlackElo "2281"]
[Annotator "RC"]
[PlyCount "142"]
[EventDate "2019.10.06"]
[EventType "swiss"]
[EventCountry "UKR"]
[SourceTitle "playchess.com"]
[Source "ChessBase"]
[SourceQuality "1"]
[TimeControl "40/5400+30:1800+30"]

1. e4 c5 2. Nf3 Nc6 3. Bb5 g6 4. Bxc6 dxc6 5. d3 Bg7 6. h3 e5 7. a3 Qd6 8. Nbd2 Be6 9. O-O f6 10. Nc4 Bxc4 11. dxc4 Qxd1 12. Rxd1 Bh6 13. b4 Bxc1 14. Rdxc1 cxb4 15. axb4 Nh6 16. c5 Nf7 17. Kf1 Ke7 18. Nd2 Rhd8 19. Nc4 a6 20. c3 h5 21. h4 g5 22. Ke2 Rg8 23. Rh1 gxh4 24. Ne3 Ng5 25. Rxh4 a5 26. bxa5 Ne6 27. Nf5+ Kd7 28. Kf3 Rh8 29. Ng3 Nxc5 30. Rxh5 Rxh5 31. Nxh5 Ke7 32. Ng3 Rd8 33. Ke2 Rd3 34. Nf5+ Kf7 35. Rc1 Rd8 36. f3 Nd3 37. Rb1 Nc5 38. Rh1 Ke6 39. Rh7 Rd7 40. Ng7+ Kf7 41. Nf5+ Ke6 42. Rh6 Kf7 43. Rh8 Na4 44. Rh7+ Ke8 45. Rh8+ Kf7 46. Rh7+ Ke8 47. Rxd7 Kxd7 48. Kd2 Nc5 49. c4 Ne6 50. Kc3 Nf4 51. g3 Ne6 52. Kb4 Ng5 53. Kc5 Kc7 54. Ng7 Nxf3 55. Ne8+ Kb8 56. Nxf6 Ka7 57. Ne8 Ka6 58. Nd6 Ng5 59. g4 Ne6+ 60. Kb4 c5+ 61. Ka4 Ng5 62. Ne8 Ne6 63. Nf6 Ng5 64. Nd7 Nxe4 65. Nxe5 Nc3+ 66. Kb3 Ne4 67. Kc2 Kxa5 68. Kd3 Ng5 69. Nd7 Kb4 70. Nb6 Ka5 71. Nd7 Kb4 1/2-1/2